 Dungeon Crawl Stone Soup version 0.27-a0-1090-gb115f176c6 (webtiles) character file.

Game seed: 9179970281388266448

29 scammafunk the Skirmisher (level 3, -1/34 HPs)
             Began as a Naga Fighter on Apr 27, 2021.
             Splashed by a jelly's acid (8 damage)
             ... on level 2 of the Dungeon.
             The game lasted 00:03:43 (1482 turns).

scammafunk the Skirmisher (Naga Fighter)            Turns: 1482, Time: 00:03:48

Health: -1/34      AC:  0    Str: 19    XL:     3   Next: 16%
Magic:  3/3        EV:  5    Int:  8    God:
Gold:   48         SH:  8    Dex: 10    Spells: 2/2 levels left

rFire    . . .     SeeInvis +   a - +0 trident
rCold    . . .     Faith    .   c - +0 kite shield
rNeg     . . .     Spirit   .   b - +0 scale mail
rPois    +         Reflect  .   (no helmet)
rElec    .         Harm     .   (no cloak)
rCorr    .         Rampage  .   (no gloves)
Will     .....                  (no barding)
Stlth    ..........             (no amulet)
HPRegen  0.11/turn              (no ring)
MPRegen  0.08/turn              (no ring)

@: corroded, very slow
A: AC +1, large, see invisible, deformed body, poison resistance, slowness 2,
spit poison 1, naga tail 1
a: Spit Poison


You were on level 2 of the Dungeon.
You visited 1 branch of the dungeon, and saw 2 of its levels.

You collected 48 gold pieces.

Inventory:

Hand Weapons
 a - a +0 trident (weapon)
Armour
 b - a +0 scale mail (worn)
 c - a +0 kite shield (worn)
Scrolls
 f - 2 scrolls of blinking {unknown}
Potions
 d - a potion of might
 e - 2 potions of invisibility {unknown}


   Skills:
 + Level 3.3 Fighting
 + Level 2.4 Polearms
 + Level 2.7 Armour
 + Level 2.7 Shields


You had 2 spell levels left.
You didn't know any spells.
Your spell library was empty.

Dungeon Overview and Level Annotations

Branches:
Dungeon (2/15)

Altars:


Innate Abilities, Weirdness & Mutations

Your serpentine skin is tough. (AC +1)
You have supernaturally acute eyesight. (SInv)
Armour fits poorly on your strangely shaped body.
Your system is resistant to poisons. (rPois)
You cover ground very slowly.
You can spit poison.
You have a snake-like lower body.


Message History

The bat hits you but does no damage. x2
You hit the bat.
You kill the bat!
No target in view!
No target in view!
A bat comes into view.
The bat barely misses you.
You puncture the bat!
You kill the bat!
No target in view!
No target in view!
No target in view!
You see here a bat corpse.
Found a leather armour.
Found an escape hatch in the floor.
No target in view!
No target in view!
You see here a +0 leather armour.
There is an escape hatch in the floor here.
You open the door.
Found a stone staircase leading up.
Found a stone staircase leading down.
There is an open door here.
You open the door.
There is an open door here.
You open the door.
There is an open door here.
A jelly comes into view.
The jelly quivers.
Found 5 gold pieces and a mace.
Found a stone staircase leading up.
You puncture the jelly! The acid corrodes you!
Your hands burn!
The jelly is heavily wounded.
The jelly hits you.
You are splashed with acid!
You completely miss the jelly.
The jelly is heavily wounded.
The jelly hits you.
You are splashed with acid!
* * * LOW HITPOINT WARNING * * *
The jelly hits you.
* * * LOW HITPOINT WARNING * * *
You are splashed with acid!
You die...

#####....###.#
#......#.#
#.....#
#......#.#
#.....#
#......#.#
#.)...#
#####..#.#
#.....# ....#.#
#.....# ##.##.#
#.....# ##.....#
#J....#
#.....####@....#
#.....'........#
#.....###......#
#.....# #'#....#
#.....# .......#
#.....##$...<.##
#.....##......+
##.#...'......#
#.#.# #......#


You could see a jelly.

Vanquished Creatures
  2 dart slugs (D:1)
  A ball python (D:1)
  3 bats
  2 endoplasms (D:1)
  2 goblins (D:1)
  3 hobgoblins (D:1)
  3 jackals (D:1)
  3 kobolds (D:1)
  A frilled lizard (D:1)
  2 rats (D:1)
22 creatures vanquished.

Notes
Turn   | Place    | Note
-------+----------+-------------------------------------------
     0 | D:1      | scammafunk the Naga Fighter began the quest for the Orb.
     0 | D:1      | Reached XP level 1. HP: 21/21 MP: 1/1
    34 | D:1      | Reached XP level 2. HP: 16/28 MP: 2/2
  1037 | D:1      | Reached XP level 3. HP: 33/34 MP: 3/3
  1482 | D:2      | Splashed by a jelly's acid

Illustrated notes

Levels and vault maps discovered:
D:1:      eino_arrival_druids_welcome, layout_loops_ring,
          kennysheep_small_spiral
D:2:      minmay_evil_eye, layout_basic, basic_altar,
          shapermc_ecumenical_altar_venn

Action                   || total
-------------------------++-------
Melee: Trident           ||    83
  Use: Scroll            ||     1
Armor: Scale mail        ||    25
Dodge: Dodged            ||    12
Block: Kite shield       ||    35

Table legend: (Time is in decaauts)
 A = Elapsed time spent in this place.
 B = Non-inter-level travel time spent in this place.
 C = Inter-level travel time spent in this place.
 D = Time resting spent in this place.
 E = Time spent auto-exploring this place.
 F = Levels seen in this place.
 G = Mean time per level.
                   A        B        C        D        E       F      G
               +--------+--------+--------+--------+--------+-----+--------+
         Total |   1847 |   1798 |     49 |    409 |   1178 |   2 |  923.5 |
       Dungeon |   1847 |   1798 |     49 |    409 |   1178 |   2 |  923.5 |
               +--------+--------+--------+--------+--------+-----+--------+

Top non-repeatable levels by time:
     D:1: 1640 daAuts
     D:2: 207 daAuts
